 Dungeon Crawl Stone Soup version 0.30.0-29-ga12c61a403 (webtiles) character file.

Game seed: 3700683126755993158

16622 Nicoed the Devastator (level 12, -11/59 HPs)
             Began as a Deep Elf Conjurer on June 8, 2023.
             Was an Elder of Vehumet.
             Engulfed by a cloud of freezing vapour (27 damage)
             ... in an ice cave.
             The game lasted 00:36:19 (16842 turns).

Nicoed the Devastator (Deep Elf Conjurer)          Turns: 16842, Time: 00:36:20

Health: -11/59     AC: 18    Str:  6    XL:     12   Next: 11%
Magic:  6/30       EV: 12    Int: 35    God:    Vehumet [****..]
Gold:   517        SH:  0    Dex: 13    Spells: 22/35 levels left

rFire   . . .        A - +8 dagger of Loergh {pain, rElec Int+6}
rCold   x . .        (no shield)
rNeg    + . .        E - +1 steam dragon scales
rPois   +            q - +2 helmet
rElec   +            e - +0 cloak
rCorr   .            O - +0 pair of gloves
SInv    .            N - +2 pair of boots
Will    +....        (no amulet)
Stlth   ++           a - ring of wizardry
HPRegen 0.29/turn    o - ring of the Two Names {rPois rC- rN+ AC+4 Str+2}
MPRegen 0.22/turn

%: wizardry (x1)
@: hasted (expiring), very quick
A: no striking features
a: Renounce Religion


You were in an ice cave.
You worshipped Vehumet.
Vehumet was greatly pleased with you.
You visited 3 branches of the dungeon, and saw 14 of its levels.
You also visited: Sewer and Ice Cave.

You collected 720 gold pieces.
You spent 203 gold pieces at shops.

Inventory:

Hand Weapons
 A - the +8 dagger of Loergh (weapon) {pain, rElec Int+6}
   (You found it on level 7 of the Dungeon)

   Int:       It affects your intelligence (+6).
   rElec:     It insulates you from electricity.
Missiles
 l - a throwing net
Armour
 e - a +0 cloak (worn)
 m - a +1 robe of willpower
 q - a +2 helmet (worn)
 E - +1 steam dragon scales (worn)
 N - a +2 pair of boots (worn)
 O - a +0 pair of gloves (worn)
Magical Staves
 B - a staff of death
Jewellery
 a - a ring of wizardry (left hand)
 j - a +5 ring of evasion
 o - the ring of the Two Names (right hand) {rPois rC- rN+ AC+4 Str+2}
   (You found it on level 4 of the Dungeon)

   [ring of protection]

   AC:        It affects your AC (+4).
   Str:       It affects your strength (+2).
   rC:        It makes you vulnerable to cold.
   rPois:     It protects you from poison.
   rN:        It protects you from negative energy.
 D - a ring of resist corrosion
Wands
 k - a wand of digging (5)
 G - a wand of charming (10)
 I - a wand of flame (16)
Scrolls
 b - a scroll of enchant armour
 h - a scroll of brand weapon
 n - 2 scrolls of fog
 r - a scroll of amnesia
 s - 6 scrolls of teleportation
 u - a scroll of butterflies {unknown}
 v - 2 scrolls of vulnerability {unknown}
 w - 3 scrolls of poison
 x - a scroll of fear
 y - a scroll of noise {unknown}
 z - a scroll of magic mapping
 C - 3 scrolls of silence {unknown}
 F - 3 scrolls of enchant weapon
 K - a scroll of immolation
 L - a scroll of torment {unknown}
 R - a scroll of identify
Potions
 c - a potion of mutation
 d - 2 potions of haste
 f - 3 potions of resistance
 g - a potion of experience
 i - 3 potions of might
 p - 2 potions of attraction
 t - 5 potions of curing
 J - 4 potions of brilliance
Miscellaneous
 P - a phantom mirror
 Q - a piece from Xom's chessboard (15/15)


   Skills:
 - Level 3.0 Dodging
 - Level 3.0 Stealth
 - Level 12.0 Spellcasting
 * Level 20.0 Conjurations


You had 22 spell levels left.
You knew the following spells:

 Your Spells              Type           Power      Damage    Failure   Level
a - Magic Dart            Conj           100%       1d8       0%          1
b - Searing Ray           Conj           100%       2d8       0%          2
c - Iskenderun's Mystic   Conj/Tloc      74%        2d15      1%          4
d - Apportation           Tloc           42%        N/A       1%          1
e - Blink                 Tloc           42%        N/A       1%          2
f - Frozen Ramparts       Ice            42%        1d7       1%          3

Your spell library contained the following spells:

 Spells                   Type           Power      Damage    Failure   Level
 Arcjolt                  Conj/Air       37%        1d47      1%          5
 Necrotise                Necr           84%        1d8       1%          1
 Summon Small Mammal      Summ           84%        N/A       1%          1
 Dazzling Flash           Conj/Hex       100%       N/A       1%          3
 Fulminant Prism          Conj/Hex       37%        3d17      1%          4
 Call Canine Familiar     Summ           21%        N/A       2%          3
 Gell's Gravitas          Tloc           21%        N/A       2%          3
 Portal Projectile        Hex/Tloc       42%        N/A       2%          3
 Summon Guardian Golem    Hex/Summ       21%        N/A       2%          3
 Teleport Other           Tloc           21%        N/A       2%          3
 Vampiric Draining        Necr           21%        2d7       2%          3
 Leda's Liquefaction      Hex/Erth       10%        N/A       9%          4
 Manifold Assault         Tloc           21%        N/A       9%          4
 Summon Lightning Spire   Summ/Air       21%        N/A       9%          4
 Agony                    Necr           21%        N/A       22%         5
 Dispersal                Tloc           10%        N/A       73%         6
 Storm Form               Tmut/Air       10%        N/A       99%         7
 Maxwell's Capacitive Co  Air            10%        ∞         100%        8


Dungeon Overview and Level Annotations

Branches:
Dungeon (11/15)            Temple (1/1) D:7            Lair (0/5) D:10
    Orc (2/2) D:11            Elf (0/3) Orc:2         Sewer (visited)
  IceCv (1/1)

Altars:
Ashenzari
Cheibriados
Elyvilon
Vehumet
Wu Jian
Xom
Yredelemnul
The Shining One

Shops:
D:10 ?   Orc:2 *!

Annotations:
Orc:1 1 transporter


Message History

Vehumet accepts your kill.
Vehumet offers you knowledge of Arcjolt.
Unknown command.
Aiming: Charm
Press: ? - help, Shift-Dir - straight line, f - yak
Aim: a yak (chance to affect: 49%)
The yak resists with some effort.
Unknown command.
Unknown command.
Aiming: Charm
Press: ? - help, Shift-Dir - straight line, f/p - yak
Aim: a yak (chance to affect: 49%)
The yak resists with some effort.
Your extra speed is starting to run out.
Unknown command.
Unknown command.
Aiming: Charm
Press: ? - help, Shift-Dir - straight line, f/p - yak
Aim: a yak (chance to affect: 49%)
The yak is charmed.
The yak gores your yak!
Unknown command.
A wolf comes into view.
Your yak barely misses the yak.
The yak gores your yak.
Your yak dies!
Your Conjurations skill increases to level 20!
Aiming: Charm
Press: ? - help, Shift-Dir - straight line, f/p - yak
Aim: a yak (chance to affect: 49%)
The yak resists with some effort.
Unknown command.
Aiming: Charm
Press: ? - help, Shift-Dir - straight line, f/p - yak
Aim: a yak (chance to affect: 49%)
The yak is charmed.
Unknown command.
You swap places.
Things that are here:
a yak corpse; a wolf corpse You are engulfed in freezing vapours.
You die...

##.# #..#
...## ##...
#...# #...#
#.∩.####
##§.##..##..
#.∩@#.....#
#..#Y§§§§#
##########


You could see a friendly yak (charmed).

Vanquished Creatures
  2 two-headed ogres
  An orc high priest (Orc:2)
  The ghost of KamiKatze the Chopper, a novice VSFi (D:8)
  A deep troll (D:10)
  A cyclops (D:11)
  A manticore (D:11)
  Maggie (D:9)
  The ghost of DildoBatman the Magician, a novice FoCj (D:5)
  A komodo dragon (D:10)
  A hornet (D:10)
  The ghost of engelados the Conjurer, an amateur DgCj (D:5)
  3 wraiths
  A wyvern (D:10)
  14 yaks
  A vampire (D:10)
  3 basilisks (D:10)
  2 steam dragons
  A warg (Orc:1)
  2 water moccasins (D:7)
  5 orc warriors
  Pargi (Sewer)
  A black bear (D:6)
  A sky beast (D:6)
  2 ogres (Orc:1)
  5 centaurs (D:11)
  A wolf (IceCv)
  3 phantoms
  3 bullfrogs
  A gnoll sergeant (D:9)
  5 kobold brigands
  A necrophage (D:7)
  2 scorpions
  A wyvern skeleton (D:7)
  26 wights
  8 killer bees
  8 howler monkeys
  A spectral bullfrog (D:7)
  A jelly (D:7)
  4 hounds
  15 orc priests
  3 sleepcaps
  Crazy Yiuf (D:4)
  7 iguanas
  11 orc wizards
  A killer bee zombie (D:7)
  A centaur simulacrum (D:7)
  6 adders
  3 gnolls (D:9)
  A shadow imp (D:6)
  12 white imps (Orc:1)
  An ufetubus (D:5)
  3 worms
  4 dart slugs
  68 orcs
  15 ball pythons
  4 bats
  3 endoplasms
  10 giant cockroaches
  7 hobgoblins
  6 jackals
  5 quokkas
  8 frilled lizards
  8 goblins
  25 kobolds
  7 rats
354 creatures vanquished.

Vanquished Creatures (others)
  A yak (IceCv)
  A wolf (IceCv)
2 creatures vanquished.

Grand Total: 356 creatures vanquished

Notes
Turn   | Place    | Note
-------+----------+-------------------------------------------
     0 | D:1      | Nicoed the Deep Elf Conjurer began the quest for the Orb.
     0 | D:1      | Reached XP level 1. HP: 10/10 MP: 6/6
   229 | D:1      | Reached XP level 2. HP: 15/15 MP: 2/8
   232 | D:1      | Learned a level 2 spell: Searing Ray
   291 | D:1      | You fall into a shaft and drop 1 floor!
  1030 | D:2      | Reached XP level 3. HP: 19/19 MP: 7/9
  1269 | D:1      | Reached skill level 5 in Conjurations
  2491 | D:3      | Reached XP level 4. HP: 24/24 MP: 6/11
  2551 | D:3      | Found a glowing drain.
  2565 | Sewer    | Entered a sewer
  2650 | Sewer    | Noticed Pargi
  2664 | Sewer    | Killed Pargi
  2665 | Sewer    | Reached skill level 6 in Conjurations
  2665 | Sewer    | Reached XP level 5. HP: 15/28 MP: 7/13
  2971 | D:3      | Learned a level 4 spell: Iskenderun's Mystic Blast
  3330 | D:3      | Reached skill level 5 in Spellcasting
  3707 | D:4      | Reached XP level 6. HP: 32/32 MP: 9/15
  4125 | D:4      | Reached skill level 7 in Conjurations
  4266 | D:4      | Found a runed translucent door.
  4266 | D:4      | Found the +6 shillelagh "Devastator" {shatter}
  4267 | D:4      | Noticed Crazy Yiuf
  4601 | D:4      | Identified the ring of the Two Names {rPois rC- rN+ AC+4
                  | Str+2}
  4865 | D:4      | Killed Crazy Yiuf
  4942 | D:5      | Entered Level 5 of the Dungeon
  4957 | D:5      | Reached XP level 7. HP: 36/36 MP: 8/18
  5073 | D:5      | Reached skill level 8 in Conjurations
  5182 | D:5      | Found a broken altar of Ashenzari.
  5182 | D:5      | Found a basalt altar of Yredelemnul.
  5380 | D:5      | Learned a level 1 spell: Apportation
  5627 | D:5      | Found a runed translucent gate.
  5627 | D:5      | Found a runed translucent gate.
  5627 | D:5      | Found a runed translucent gate.
  5628 | D:5      | Noticed DildoBatman's ghost (novice FoCj)
  5628 | D:5      | Noticed engelados's ghost (amateur DgCj)
  6239 | D:6      | Reached skill level 9 in Conjurations
  6335 | D:6      | Reached XP level 8. HP: 41/41 MP: 8/21
  6892 | D:7      | Reached skill level 10 in Conjurations
  7499 | D:7      | Found a staircase to the Ecumenical Temple.
  7512 | D:7      | Reached skill level 11 in Conjurations
  7528 | D:7      | Reached XP level 9. HP: 19/45 MP: 3/24
  7529 | D:7      | Reached skill level 16 in Conjurations
  7529 | D:7      | Reached XP level 10. HP: 22/50 MP: 3/25
  7716 | Temple   | Entered the Ecumenical Temple
  7722 | Temple   | Became a worshipper of Vehumet
  8192 | D:7      | Identified the +8 dagger of Loergh {pain, rElec Int+6}
  9129 | D:8      | Reached skill level 10 in Spellcasting
  9129 | D:8      | Reached skill level 17 in Conjurations
  9255 | D:8      | Found a runed translucent gate.
  9256 | D:8      | Found a runed translucent gate.
  9256 | D:8      | Noticed KamiKatze's ghost (novice VSFi)
  9258 | D:8      | Found a runed translucent gate.
  9705 | D:8      | Reached * piety under Vehumet
  9705 | D:8      | Offered knowledge of Sandblast by Vehumet.
 10474 | D:5      | Killed DildoBatman's ghost
 10475 | D:5      | Killed engelados's ghost
 10817 | D:8      | Killed KamiKatze's ghost
 11111 | D:9      | Noticed Maggie
 11128 | D:9      | Killed Maggie
 11249 | D:9      | Reached XP level 11. HP: 52/54 MP: 17/27
 11679 | D:9      | Offered knowledge of Foxfire by Vehumet.
 12017 | D:9      | Reached ** piety under Vehumet
 12064 | D:9      | Noticed a two-headed ogre
 12077 | D:9      | Killed a two-headed ogre
 12078 | D:9      | Reached skill level 18 in Conjurations
 12903 | D:10     | Entered Level 10 of the Dungeon
 13176 | D:10     | Offered knowledge of Frozen Ramparts by Vehumet.
 13325 | D:10     | Noticed a deep troll
 13347 | D:10     | Killed a deep troll
 13552 | D:10     | Found Fuif's Magic Scroll Boutique.
 13563 | D:10     | Bought a scroll of teleportation for 42 gold pieces
 13563 | D:10     | Bought a scroll of immolation for 56 gold pieces
 13563 | D:10     | Bought a scroll of magic mapping for 105 gold pieces
 13720 | D:10     | Learned a level 2 spell: Blink
 14055 | D:10     | Found a staircase to the Lair.
 14182 | D:10     | Learned a level 3 spell: Frozen Ramparts
 15027 | D:11     | Reached *** piety under Vehumet
 15180 | D:11     | Found a staircase to the Orcish Mines.
 15348 | D:11     | Reached skill level 19 in Conjurations
 15459 | D:11     | Noticed a two-headed ogre
 15466 | D:11     | Killed a two-headed ogre
 15679 | D:11     | Offered knowledge of Airstrike by Vehumet.
 16533 | D:11     | Identified the +9 plate armour "Talol" {Will+ Dex+4}
 16621 | Orc:1    | Entered Level 1 of the Orcish Mines
 16621 | Orc:1    | Found an ornate altar of the Wu Jian Council.
 16621 | Orc:1    | Found a transporter.
 16755 | Orc:1    | Reached XP level 12. HP: 33/59 MP: 23/30
 16770 | Orc:2    | Entered Level 2 of the Orcish Mines
 16791 | Orc:1    | You fall into a shaft and drop 1 floor!
 16791 | Orc:2    | Noticed an orc high priest
 16791 | Orc:2    | Found Naikikla's General Store.
 16791 | Orc:2    | Found Zuegod's Distillery.
 16794 | Orc:2    | Killed an orc high priest
 16806 | Orc:1    | Found a frozen archway.
 16814 | Orc:1    | Reached **** piety under Vehumet
 16821 | IceCv    | Entered an ice cave
 16833 | IceCv    | Offered knowledge of Arcjolt by Vehumet.
 16839 | IceCv    | Reached skill level 20 in Conjurations
 16842 | IceCv    | Engulfed by a cloud of freezing vapour

Illustrated notes

Levels and vault maps discovered:
D:1:      dpeg_arrival_castle, layout_basic
D:2:      layout_loops_corners
D:3:      layout_basic, cheibrodos_sewer_entry_drain
D:4:      layout_loops_corners, uniq_crazy_yiuf_cottage
D:5:      layout_basic, mainiacjoe_overflow_large_starburst,
          gammafunk_ghost_cemetery
D:6:      layout_rooms
D:7:      layout_layer_cave, minmay_temple_entry_ruins,
          dilly_guarded_unrand_morg
D:8:      layout_basic, biasface_ghost_orc_armoury, blue_anna_alchemist
D:9:      layout_basic, uniq_maggie
D:10:     dreamdust_cave_troll, layout_basic, erik_lair_dragon, serial_shops,
          nicolae_shop_tiny_waterfront, special_room [special_room_orc],
          minivault_5
D:11:     layout_grid_maze, orc_0_dummy
Temple:   nicolae_temple_bog_church
Orc:1:    dreamdust_wu_jian_sword_trials, layout_caves,
          portal_ice_cave_entry_imps, serial_shops
Orc:2:    hellmonk_orc_salted, layout_caves, abandoned_shop
IceCv:    ice_cave_caverns_02

Skill      XL: |  1  2  3  4  5  6  7  8  9 10 11 12 |
---------------+-------------------------------------+-----
Stealth        | 3 |  3.0
Dodging        | 3 |  3.0
Conjurations   | 5 6 7 9 11 16 17 19 20 | 20.0
Spellcasting   | 4 5 6 7 9 10 12 | 12.0

Action                     |  1- 3 |  4- 6 |  7- 9 | 10-12 || total
---------------------------+-------+-------+-------+-------++-------
  Melee: Dagger            |     6 |       |       |    20 ||    26
         Punch             |       |       |       |     2 ||     2
   Cast: Magic Dart        |    83 |    98 |    62 |   139 ||   382
         Searing Ray       |     5 |    11 |    33 |    99 ||   148
         Iskenderun's Myst |       |       |     2 |    73 ||    75
         Blink             |       |       |       |     1 ||     1
  Evoke: Wand              |       |       |       |    13 ||    13
    Use: Scroll            |     6 |     2 |     5 |     7 ||    20
         Potion            |     2 |     1 |     6 |     6 ||    15
   Stab: Invisible         |       |       |       |     2 ||     2
 Armour: Robe              |     2 |     5 |     5 |    18 ||    30
         Skin              |       |       |    15 |     6 ||    21
         Steam dragon scal |       |       |       |    36 ||    36
  Dodge: Dodged            |     9 |    44 |    16 |   115 ||   184
